amy, neutral female human Ranger ###############################[#### # --- --------- ---# ####|. ....... .|[ --------- #|.- ----- -.....- ----- -.|# |..<....| #|.| |...| |.....| |(.(| |.|# |.......| #|.| |...| |.....+ |(((| |.|# |.......| #|.| |...| |.....| |...| |.|# -----.-.- )|.| |...|+--.....----|---+---.|# # ##)|.--+--|---.....................|# # #..............{)@....{..!.......|# # ##|.--+---|--....-@----...........|# # |.| |...|---.|@...|.------|--.|######### ## # # |.| |...| |.|.d..|.+ |....|.| -.--.------- -|--- # # |.| |...| +.|.@_.|.| |....|.| |..........| |.^..########..| |...| |.|....|.| |...(|.| |..........| |...| # |.------------.------.---------.-#######|..........| |...| # |...*...........................| #...........| ----- --------------------------------- ------------ amy the Trailblazer Experience level: 6 Strength: 18 Dexterity: 12 Constitution: 15 Intelligence: 14 Wisdom: 13 Charisma: 7 Health: 0(42) Energy: 30(30) Def: 12 Gold: 320 Moves: 2029 Dungeon seed: g-p9NrABegsBhi9f Game ID: amy_1469346151 Your Inventory: Coins $ - 320 gold pieces Weapons a - an uncursed +1 dagger b - an uncursed +2 bow (weapon in hand) c - 59 uncursed +2 arrows d - 25 uncursed +0 arrows (in quiver) m - an uncursed +0 arrow Armor e - an uncursed +2 cloak of displacement (being worn) n - an uncursed +0 splint mail (being worn) q - an uncursed +1 dwarvish iron helm (being worn) r - an uncursed +0 pair of iron shoes Comestibles f - 3 uncursed cram rations v - an uncursed melon E - an uncursed food ration H - an uncursed lizard corpse P - 2 uncursed eggs Scrolls h - 2 uncursed scrolls of enchant armor s - an uncursed scroll of water A - an uncursed scroll of scare monster B - an uncursed scroll of teleportation G - an uncursed scroll of charging I - an uncursed scroll of remove curse Z - an uncursed scroll of destroy armor Potions i - an uncursed potion of invisibility j - an uncursed potion of object detection named ok l - an uncursed potion of blindness X - an uncursed potion of healing Wands g - an uncursed wand of slow monster (0:3) O - an uncursed wand of speed monster (0:1) Tools k - 2 cursed tallow candles (0:200) p - an uncursed magic whistle C - a cursed oil lamp (0:1048) T - a cursed wax candle (0:400) Spells and supernatural/magical abilities: Name Level Category Fail Memory W - pray for help -- divine ? -- Your skills at the end: Miscellaneous Skills wands [Basic] Weapon Skills dagger [Basic] bow [Skilled] Spellcasting Skills Final Attributes: You were devoutly aligned. You had automatic searching. You were displaced. You were fast. You are dead. Vanquished creatures: a tengu a lizard a gnome king a Green-elf a rock piercer 4 gnome lords a gnomish wizard a kitten 9 dwarves 3 hobbits 2 geckos 22 gnomes 2 garter snakes 4 jackals a fox 3 kobolds 4 newts 4 grid bugs 4 lichens a kobold zombie 70 creatures vanquished. Voluntary challenges: You followed a strict vegan diet. You did not adorn yourself with jewelry or accessories. You had been an atheist until turn 2006. You used a wielded weapon 38 times, starting on turn 130. You did not apply a unicorn horn. You read items or engraved 4 times, starting on turn 155. You never genocided any monsters. You never polymorphed an object. You never changed form. You used no wishes. You never split a pudding. You wrote Elbereth's name 1 time, starting on turn 155. You never violated your personal moral code. Dungeon overview: The Dungeons of Doom: levels 1 to 4 Level 1 a fountain a long staircase Level 2 a general store, a fountain Level 3 a fountain, a sink Level 4 some fountains stairs to The Gnomish Mines The Gnomish Mines: levels 5 to 8 Level 5 stairs to The Dungeons of Doom Level 6 Level 7 Level 8 <- You were here a lighting shop, a temple to Mercury, a magic chest, some fountains History has recorded: On T:1 you entered the Dungeons of Doom to retrieve the Amulet of Yendor! On T:336 you advanced to experience level 2. On T:364 you reached level 2 of The Dungeons of Doom. On T:655 you reached level 3 of The Dungeons of Doom. On T:854 you reached level 4 of The Dungeons of Doom. On T:985 you advanced to experience level 3. On T:1123 you reached level 1 of The Gnomish Mines. On T:1196 you advanced to experience level 4. On T:1268 you reached level 2 of The Gnomish Mines. On T:1320 you advanced to experience level 5. On T:1435 you reached level 3 of The Gnomish Mines. On T:1737 you reached level 4 of The Gnomish Mines. On T:1776 you advanced to experience level 6. On T:1946 you opened a magic chest. On T:1999 you entered the Minetown temple Score breakdown: Gold: 320 ( 32 points) Experience: 6 levels ( 500 points) Exploration: 8 levels ( 210 points) Discoveries: 7 items ( 350 points) Variety of kills: 20 monsters ( 1000 points) Major goal: reached Minetown ( 500 points) Survival: died (score multiplied by 3) Total score: 7776 Latest messages: The Green-elf thrusts his runed dagger. The Green-elf stabs you! You shoot 2 arrows. The 1st arrow hits the Green-elf! The 2nd arrow hits the Green-elf! The Green-elf thrusts his runed dagger. The Green-elf just misses! You shoot 3 arrows. The 1st arrow hits the Green-elf. The 2nd arrow hits the Green-elf! The 3rd arrow hits the Green-elf. Your movements are now unencumbered. The Green-elf thrusts his runed dagger. The Green-elf stabs you! You kill the Green-elf! The door resists! The door closes. You see a door open. The Green-elf wields a runed broadsword! The Green-elf swings his runed broadsword. The Green-elf slashes you! You die... Final status: Goodbye amy the Ranger, killed by a Green-elf... You died in The Gnomish Mines on dungeon level 8 with 7776 points, and 320 pieces of gold, after 2029 moves. You were level 6 with a maximum of 42 hit points when you died.